[ AOE2 MATCH · #504985752 ]
UnrankedWu vs Japanese
Player's team · WIN
Rival team · LOSS
[ REPLAY ANALYSIS · EXTRACTED FROM THE RECORDED GAME ]
Feudal
10:31
Castle
—
Imperial
—
| APM avg | 65.5 |
| APM peak | 103 |
| eAPM avg | 20.6 |
| Villagers / military | 37 / 18 |
Focus
⚔️ 41.0% · 🌾 59.0%
Skirmisher ×12 · Militia ×4 · Archer ×2
Feudal
8:51
Castle
—
Imperial
—
| APM avg | 48.5 |
| APM peak | 70 |
| eAPM avg | 23.0 |
| Villagers / military | 41 / 11 |
Focus
⚔️ 45.9% · 🌾 54.1%
Archer ×5 · Militia ×3 · Skirmisher ×2 · Spearman ×1
Match map
Initial resources + every placement click. Lines = walls · curves = elevation contours. ◆ gold · ⬟ stone · ● berries · ✦ relic · ◌ wall gap
Your base· Open — unwalled flank
Andre_2i's base· Open — unwalled flank
Smoothed initial terrain · ◌ = detected wall gap · hover for details
Inputs per minute
— Macluffy - - Andre_2i
Build order — Macluffy
107 actions detected in the replay
| 0:01 | Create | Villager (Male) |
| 0:02 | Build | House |
| 0:03 | Build | House |
| 0:10 | Create | Villager (Male) |
| 0:14 | Create | Villager (Male) |
| 0:19 | Create | Villager (Male) |
| 1:21 | Create | Villager (Male) |
| 1:50 | Build | Lumber Camp |
| 1:51 | Create | Villager (Male) |
| 2:08 | Create | Villager (Male) |
| 2:38 | Create | Villager (Male) |
| 2:54 | Create | Villager (Male) |
| 3:39 | Create | Villager (Male) |
| 3:56 | Build | House |
| 4:06 | Create | Villager (Male) |
| 4:32 | Create | Villager (Male) |
| 4:34 | Build | Barracks |
| 4:48 | Create | Villager (Male) |
| 5:10 | Build | House |
| 5:18 | Create | Villager (Male) |
| 5:26 | Create | Militia |
| 5:26 | Create | Militia |
| 5:37 | Build | Palisade Wall |
| 5:38 | Build | Palisade Wall |
| 5:38 | Build | Palisade Wall |
| 5:40 | Build | Palisade Wall |
| 5:44 | Create | Villager (Male) |
| 5:48 | Create | Militia |
| 6:12 | Build | Mill |
| 6:14 | Create | Villager (Male) |
| 6:39 | Create | Villager (Male) |
| 6:43 | Build | House |
| 6:47 | Build | Palisade Wall |
| 7:02 | Create | Villager (Male) |
| 7:12 | Build | Palisade Wall |
| 7:14 | Build | Palisade Wall |
| 7:22 | Create | Villager (Male) |
| 7:26 | Research | Loom |
| 7:37 | Build | House |
| 8:12 | Research | Feudal Age |
| 8:38 | Build | Mill |
| 9:14 | Build | Mining Camp |
| 9:18 | Build | Palisade Wall |
| 9:19 | Build | Palisade Wall |
| 9:21 | Build | Palisade Wall |
| 9:29 | Create | Villager (Male) |
| 9:53 | Build | Palisade Wall |
| 9:54 | Build | Palisade Wall |
| 9:55 | Build | Palisade Wall |
| 9:57 | Build | Palisade Wall |
| 10:09 | Create | Militia |
| 10:15 | Build | Palisade Wall |
| 10:29 | Create | Villager (Male) |
| 10:31 | Age | Feudal Age |
| 10:34 | Build | Archery Range |
| 10:42 | Research | Man-at-Arms (upgrade) |
| 10:42 | Research | Man-at-Arms (upgrade) |
| 10:46 | Research | Double-Bit Axe |
| 10:46 | Research | Double-Bit Axe |
| 10:55 | Build | House |
| 10:58 | Create | Villager (Male) |
| 11:12 | Create | Villager (Male) |
| 11:17 | Build | House |
| 11:39 | Create | Archer |
| 11:45 | Create | Villager (Male) |
| 11:51 | Build | Farm |
| 11:52 | Build | Farm |
| 12:03 | Create | Archer |
| 12:03 | Create | Villager (Male) |
| 12:04 | Build | Farm |
| 12:16 | Build | Farm |
| 12:22 | Create | Villager (Male) |
| 12:24 | Build | Palisade Wall |
| 12:28 | Build | Farm |
| 12:34 | Create | Skirmisher |
| 12:35 | Create | Villager (Male) |
| 12:45 | Create | Skirmisher |
| 12:46 | Create | Villager (Male) |
| 12:48 | Build | Farm |
| 12:54 | Research | Horse Collar |
| 13:06 | Build | Farm |
| 13:12 | Create | Villager (Male) |
| 13:15 | Build | Palisade Wall |
| 13:25 | Create | Skirmisher |
| 13:28 | Research | Arson |
| 13:28 | Create | Villager (Male) |
| 13:44 | Create | Skirmisher |
| 13:49 | Create | Villager (Male) |
| 13:54 | Build | Blacksmith |
| 14:01 | Create | Skirmisher |
| 14:06 | Create | Skirmisher |
| 14:15 | Build | Farm |
| 14:20 | Create | Skirmisher |
| 14:21 | Create | Villager (Male) |
| 14:36 | Build | Farm |
| 14:37 | Create | Villager (Male) |
| 14:42 | Research | Fletching |
| 14:50 | Create | Skirmisher |
| 14:57 | Create | Skirmisher |
| 15:08 | Create | Skirmisher |
| 15:31 | Create | Villager (Male) |
| 15:32 | Create | Villager (Male) |
| 15:33 | Create | Skirmisher |
| 15:50 | Create | Skirmisher |
| 15:50 | Create | Villager (Male) |
| 15:54 | Build | Farm |
| 16:01 | Create | Villager (Male) |
Build order — Andre_2i
97 actions detected in the replay
| 0:00 | Create | Villager (Male) |
| 0:01 | Build | House |
| 0:02 | Build | House |
| 0:05 | Create | Villager (Male) |
| 0:05 | Create | Villager (Male) |
| 0:07 | Create | Villager (Male) |
| 1:17 | Create | Villager (Male) |
| 1:44 | Build | Mill |
| 1:58 | Create | Villager (Male) |
| 2:17 | Create | Villager (Male) |
| 2:51 | Create | Villager (Male) |
| 3:20 | Create | Villager (Male) |
| 3:28 | Create | Villager (Male) |
| 3:46 | Create | Villager (Male) |
| 4:08 | Create | Villager (Male) |
| 4:13 | Build | House |
| 4:21 | Create | Villager (Male) |
| 5:12 | Build | Lumber Camp |
| 5:17 | Create | Villager (Male) |
| 5:24 | Research | Loom |
| 5:24 | Create | Villager (Male) |
| 5:50 | Create | Villager (Male) |
| 6:01 | Build | House |
| 6:37 | Research | Feudal Age |
| 6:49 | Build | Barracks |
| 7:32 | Create | Militia |
| 7:35 | Build | House |
| 7:39 | Create | Militia |
| 7:44 | Create | Villager (Male) |
| 8:08 | Create | Militia |
| 8:15 | Build | Palisade Wall |
| 8:16 | Build | House |
| 8:22 | Build | House |
| 8:44 | Build | Mining Camp |
| 8:46 | Build | Palisade Wall |
| 8:48 | Build | Palisade Wall |
| 8:51 | Age | Feudal Age |
| 8:54 | Create | Spearman |
| 8:59 | Create | Villager (Male) |
| 9:10 | Research | Double-Bit Axe |
| 9:18 | Build | Mill |
| 9:28 | Build | Palisade Wall |
| 9:38 | Create | Villager (Male) |
| 9:45 | Build | Lumber Camp |
| 10:03 | Create | Villager (Male) |
| 10:11 | Research | Man-at-Arms (upgrade) |
| 10:25 | Build | Farm |
| 10:29 | Create | Villager (Male) |
| 10:42 | Create | Villager (Male) |
| 10:44 | Build | Farm |
| 11:00 | Build | House |
| 11:06 | Create | Villager (Male) |
| 11:11 | Build | Palisade Wall |
| 11:12 | Build | Palisade Wall |
| 11:24 | Build | Archery Range |
| 11:29 | Build | Farm |
| 11:37 | Create | Villager (Male) |
| 11:56 | Build | Farm |
| 11:58 | Build | Farm |
| 12:02 | Build | House |
| 12:07 | Create | Villager (Male) |
| 12:10 | Build | Farm |
| 12:25 | Build | Farm |
| 12:37 | Create | Villager (Male) |
| 12:51 | Build | Archery Range |
| 13:00 | Create | Villager (Male) |
| 13:10 | Build | Farm |
| 13:21 | Build | Palisade Wall |
| 13:22 | Build | Palisade Wall |
| 13:29 | Create | Villager (Male) |
| 13:34 | Create | Archer |
| 13:40 | Build | Farm |
| 13:43 | Create | Villager (Male) |
| 13:46 | Create | Archer |
| 14:02 | Build | House |
| 14:05 | Build | Palisade Wall |
| 14:07 | Create | Archer |
| 14:09 | Create | Villager (Male) |
| 14:22 | Create | Archer |
| 14:27 | Build | Farm |
| 14:30 | Build | Farm |
| 14:31 | Create | Villager (Male) |
| 14:43 | Build | Farm |
| 14:49 | Build | Farm |
| 14:57 | Create | Archer |
| 14:59 | Create | Villager (Male) |
| 15:08 | Create | Villager (Male) ×5 |
| 15:09 | Create | Skirmisher |
| 15:11 | Build | House |
| 15:13 | Build | Palisade Wall |
| 15:14 | Build | Palisade Wall |
| 15:18 | Build | House |
| 15:26 | Create | Villager (Male) ×2 |
| 15:30 | Create | Skirmisher |
| 15:42 | Create | Villager (Male) |
| 15:53 | Create | Villager (Male) |
| 15:57 | Build | Farm |
Match timeline
| 4:34 | Macluffy · first_building Barracks |
| 5:37 | Macluffy · wall_segment Palisade Wall x1 |
| 5:38 | Macluffy · wall_segment Palisade Wall x1 |
| 5:38 | Macluffy · wall_segment Palisade Wall x1 |
| 5:40 | Macluffy · wall_segment Palisade Wall x1 |
| 6:47 | Macluffy · wall_segment Palisade Wall x8 |
| 6:49 | Andre_2i · first_building Barracks |
| 7:12 | Macluffy · wall_segment Palisade Wall x1 |
| 7:14 | Macluffy · wall_segment Palisade Wall x1 |
| 8:15 | Andre_2i · wall_segment Palisade Wall x1 |
| 8:46 | Andre_2i · wall_segment Palisade Wall x1 |
| 8:48 | Andre_2i · wall_segment Palisade Wall x1 |
| 8:51 | Andre_2i · age_up feudal |
| 9:18 | Macluffy · wall_segment Palisade Wall x1 |
| 9:19 | Macluffy · wall_segment Palisade Wall x1 |
| 9:21 | Macluffy · wall_segment Palisade Wall x1 |
| 9:28 | Andre_2i · wall_segment Palisade Wall x1 |
| 9:53 | Macluffy · wall_segment Palisade Wall x1 |
| 9:54 | Macluffy · wall_segment Palisade Wall x1 |
| 9:55 | Macluffy · wall_segment Palisade Wall x1 |
| 9:57 | Macluffy · wall_segment Palisade Wall x1 |
| 10:15 | Macluffy · wall_segment Palisade Wall x1 |
| 10:31 | Macluffy · age_up feudal |
| 10:34 | Macluffy · first_building Archery Range |
| 11:11 | Andre_2i · wall_segment Palisade Wall x1 |
| 11:12 | Andre_2i · wall_segment Palisade Wall x2 |
| 11:24 | Andre_2i · first_building Archery Range |
| 12:24 | Macluffy · wall_segment Palisade Wall x9 |
| 13:15 | Macluffy · wall_segment Palisade Wall x9 |
| 13:21 | Andre_2i · wall_segment Palisade Wall x5 |
| 13:22 | Andre_2i · wall_segment Palisade Wall x7 |
| 14:05 | Andre_2i · wall_segment Palisade Wall x8 |
| 15:13 | Andre_2i · wall_segment Palisade Wall x1 |
| 15:14 | Andre_2i · wall_segment Palisade Wall x1 |
| 16:11 | Andre_2i · resign |
[ AI ANALYSIS · 1 CREDIT ]
What really happened in this match?
Wolo.gg analyzes every decision: build order, eco, micro, common mistakes by bracket. Personalized analysis on WhatsApp or Discord in 30 seconds.
Civ guide
Wu
Perfil
Jugador #453821